[ AOE2 MATCH · #463527224 ]
UnrankedSaracens vs Mongols
[ REPLAY ANALYSIS · EXTRACTED FROM THE RECORDED GAME ]
Feudal
—
Castle
—
Imperial
—
| APM avg | 34.8 |
| APM peak | 93 |
| eAPM avg | 14.6 |
| Villagers / military | 63 / 122 |
Focus
⚔️ 32.3% · 🌾 67.7%
Mameluke ×117 · Trebuchet (Packed) ×5
Feudal
12:12
Castle
16:24
Imperial
37:11
| APM avg | 27.5 |
| APM peak | 48 |
| eAPM avg | 14.7 |
| Villagers / military | 72 / 102 |
Focus
⚔️ 25.1% · 🌾 74.9%
Skirmisher ×68 · Mangudai ×25 · Battering Ram ×9
Feudal
10:38
Castle
15:34
Imperial
—
| APM avg | 16.5 |
| APM peak | 55 |
| eAPM avg | 8.9 |
| Villagers / military | 69 / 18 |
Focus
⚔️ 16.6% · 🌾 83.4%
Scout Cavalry ×6 · Knight ×4 · Battle Elephant ×3 · Archer ×2 · Skirmisher ×2 · Cavalry Archer ×1
Feudal
14:40
Castle
24:58
Imperial
42:23
| APM avg | 18.5 |
| APM peak | 62 |
| eAPM avg | 11.2 |
| Villagers / military | 106 / 66 |
Focus
⚔️ 25.3% · 🌾 74.7%
Unknown (2550) ×29 · Skirmisher ×22 · Kona ×19 · Spearman ×18 · Bolas Rider ×5 · Monk ×1
Feudal
11:08
Castle
15:13
Imperial
35:32
| APM avg | 27.2 |
| APM peak | 72 |
| eAPM avg | 17.5 |
| Villagers / military | 138 / 187 |
Focus
⚔️ 16.2% · 🌾 83.8%
Huskarl ×187
Feudal
12:54
Castle
16:53
Imperial
—
| APM avg | 6.8 |
| APM peak | 30 |
| eAPM avg | 5.0 |
| Villagers / military | 72 / 12 |
Focus
⚔️ 12.9% · 🌾 87.1%
Janissary ×12
Feudal
13:52
Castle
23:04
Imperial
35:52
| APM avg | 24.5 |
| APM peak | 65 |
| eAPM avg | 13.4 |
| Villagers / military | 114 / 81 |
Focus
⚔️ 21.4% · 🌾 78.6%
Skirmisher ×27 · Scorpion ×25 · Militia ×9 · Centurion ×7 · Knight ×6 · Spearman ×4
Feudal
—
Castle
—
Imperial
—
| APM avg | 33.5 |
| APM peak | 74 |
| eAPM avg | 16.7 |
| Villagers / military | 112 / 208 |
Focus
⚔️ 23.2% · 🌾 76.8%
Mangudai ×100 · Steppe Lancer ×98 · Spearman ×5 · Camel Scout ×5
Match map
Initial resources + every placement click. Lines = walls · curves = elevation contours. ◆ gold · ⬟ stone · ● berries · ✦ relic · ◌ wall gap
Your base· ✓ Closed at 15:49 · 0t walls · 3 gate(s)
Malatyalı44's base· ✓ Closed at 16:24 · 0t walls · 3 gate(s)
Machete's base· ✓ Closed at 15:34 · 0t walls · 2 gate(s)
TheJonkler's base· ✓ Closed at 24:58 · 0t walls · 3 gate(s)
Mr Unknown's base· ✓ Closed at 15:13 · 0t walls · 3 gate(s)
Von Bicyclestein's base· ✓ Closed at 16:53 · 0t walls · 2 gate(s)
GEDIAN's base· ✓ Closed at 23:04 · 22t walls · 2 gate(s)
Lord00pk's base· ✓ Closed at 14:40 · 0t walls · 2 gate(s)
Smoothed initial terrain · ◌ = detected wall gap · hover for details
Inputs per minute
— Shooterkhan8047 - - Malatyalı44
Build order — Shooterkhan8047
First 150 of 192 actions detected
| 0:03 | Create | Villager (Male) ×4 |
| 0:03 | Create | Villager (Male) ×4 |
| 0:07 | Build | House |
| 0:09 | Build | House |
| 0:28 | Build | House |
| 0:31 | Build | House |
| 1:26 | Build | Lumber Camp |
| 1:36 | Create | Villager (Male) |
| 1:36 | Create | Villager (Male) |
| 1:37 | Create | Villager (Male) |
| 2:14 | Create | Villager (Male) |
| 2:14 | Create | Villager (Male) |
| 2:37 | Create | Villager (Male) |
| 2:38 | Create | Villager (Male) |
| 2:55 | Create | Villager (Male) |
| 2:55 | Create | Villager (Male) |
| 3:14 | Create | Villager (Male) |
| 3:14 | Create | Villager (Male) |
| 3:59 | Create | Villager (Male) |
| 4:15 | Create | Villager (Male) |
| 4:23 | Create | Villager (Male) |
| 4:34 | Build | Mill |
| 4:47 | Create | Villager (Male) |
| 5:31 | Create | Villager (Male) |
| 5:53 | Create | Villager (Male) |
| 6:24 | Create | Villager (Male) |
| 7:00 | Create | Villager (Male) |
| 7:02 | Create | Villager (Male) |
| 7:22 | Build | Mill |
| 7:40 | Build | Mining Camp |
| 7:46 | Research | Feudal Age |
| 7:50 | Create | Villager (Male) |
| 8:13 | Research | Feudal Age |
| 8:39 | Build | Lumber Camp |
| 9:02 | Build | House |
| 9:47 | Build | Mining Camp |
| 9:54 | Create | Villager (Male) |
| 9:55 | Create | Villager (Male) |
| 10:29 | Build | Market |
| 10:49 | Build | Blacksmith |
| 11:16 | Create | Villager (Male) |
| 11:39 | Create | Villager (Male) |
| 11:45 | Build | Farm |
| 11:50 | Build | House |
| 11:56 | Research | Double-Bit Axe |
| 12:00 | Research | Horse Collar |
| 12:03 | Research | Gold Mining |
| 12:07 | Create | Villager (Male) |
| 12:07 | Create | Villager (Male) |
| 12:10 | Build | Farm |
| 12:25 | Build | House |
| 12:33 | Create | Villager (Male) |
| 12:36 | Build | Farm |
| 12:59 | Build | Farm |
| 13:03 | Create | Villager (Male) |
| 13:25 | Build | Farm |
| 13:42 | Create | Villager (Male) |
| 13:51 | Build | Farm |
| 13:54 | Create | Villager (Male) |
| 14:18 | Build | Farm |
| 14:20 | Create | Villager (Male) |
| 14:39 | Build | Farm |
| 14:42 | Create | Villager (Male) |
| 14:54 | Build | House |
| 14:58 | Create | Villager (Male) |
| 15:07 | Build | Farm |
| 15:31 | Build | Farm |
| 15:49 | Research | Castle Age |
| 16:10 | Build | Farm |
| 16:11 | Build | Farm |
| 16:17 | Build | Farm |
| 16:24 | Create | Villager (Male) |
| 16:35 | Build | Mining Camp |
| 17:26 | Build | House |
| 17:28 | Build | House |
| 18:12 | Create | Villager (Male) |
| 18:20 | Build | Farm |
| 18:22 | Build | Farm |
| 18:37 | Build | Castle |
| 18:51 | Create | Villager (Male) |
| 18:55 | Create | Villager (Male) |
| 19:41 | Create | Villager (Male) |
| 20:02 | Research | Loom |
| 20:27 | Research | Imperial Age |
| 20:36 | Build | Farm |
| 20:37 | Build | Farm |
| 20:39 | Build | Farm |
| 20:40 | Build | Farm |
| 20:48 | Create | Mameluke |
| 20:48 | Create | Mameluke |
| 20:50 | Build | House |
| 20:51 | Build | House |
| 21:03 | Create | Mameluke |
| 21:13 | Create | Villager (Male) |
| 21:19 | Research | Scale Barding Armor |
| 21:35 | Research | Forging |
| 21:37 | Create | Mameluke |
| 21:37 | Create | Mameluke |
| 21:37 | Create | Mameluke |
| 22:07 | Create | Mameluke |
| 22:24 | Research | Chain Barding Armor |
| 22:27 | Create | Mameluke |
| 22:58 | Create | Mameluke |
| 23:25 | Create | Mameluke |
| 23:33 | Create | Mameluke |
| 23:53 | Create | Trebuchet (Packed) |
| 23:54 | Create | Trebuchet (Packed) |
| 23:54 | Create | Trebuchet (Packed) |
| 24:09 | Create | Trebuchet (Packed) |
| 24:17 | Create | Villager (Male) |
| 24:17 | Create | Villager (Male) |
| 24:18 | Create | Villager (Male) |
| 24:18 | Create | Villager (Male) |
| 24:29 | Build | Lumber Camp |
| 25:09 | Create | Trebuchet (Packed) |
| 26:07 | Research | Iron Casting |
| 26:08 | Research | Plate Barding Armor |
| 26:17 | Create | Mameluke |
| 26:17 | Create | Mameluke |
| 26:52 | Create | Mameluke |
| 26:52 | Create | Mameluke |
| 26:57 | Create | Villager (Male) |
| 26:57 | Create | Villager (Male) |
| 26:58 | Create | Villager (Male) |
| 27:01 | Create | Villager (Male) |
| 27:58 | Create | Mameluke ×4 |
| 27:58 | Create | Mameluke ×4 |
| 27:59 | Create | Mameluke ×5 |
| 27:59 | Create | Mameluke |
| 28:41 | Create | Mameluke |
| 30:13 | Create | Mameluke ×4 |
| 30:14 | Create | Mameluke ×4 |
| 30:14 | Create | Mameluke ×4 |
| 31:02 | Create | Mameluke ×2 |
| 31:02 | Create | Mameluke ×2 |
| 33:13 | Research | Elite Mameluke (upgrade) |
| 34:00 | Research | Conscription |
| 34:01 | Create | Mameluke |
| 34:02 | Create | Mameluke |
| 34:05 | Create | Villager (Male) |
| 34:05 | Create | Villager (Male) |
| 34:09 | Build | House |
| 34:10 | Build | House |
| 34:11 | Build | House |
| 34:12 | Build | House |
| 34:19 | Create | Mameluke ×3 |
| 34:19 | Create | Mameluke ×3 |
| 35:54 | Create | Mameluke ×4 |
| 35:54 | Create | Mameluke ×4 |
| 35:55 | Create | Mameluke ×4 |
Build order — Malatyalı44
First 150 of 190 actions detected
| 0:02 | Create | Villager (Male) ×4 |
| 0:02 | Create | Villager (Male) ×4 |
| 0:04 | Build | House |
| 0:06 | Build | House |
| 1:26 | Create | Villager (Male) |
| 1:26 | Create | Villager (Male) |
| 1:48 | Build | Lumber Camp |
| 2:03 | Create | Villager (Male) |
| 2:04 | Create | Villager (Male) |
| 2:19 | Create | Villager (Male) |
| 2:20 | Create | Villager (Male) |
| 2:45 | Research | Loom |
| 3:01 | Create | Villager (Male) |
| 3:02 | Create | Villager (Male) |
| 3:23 | Build | House |
| 3:24 | Build | House |
| 3:28 | Create | Villager (Male) |
| 3:28 | Create | Villager (Male) |
| 3:41 | Create | Villager (Male) |
| 4:11 | Create | Villager (Male) |
| 4:11 | Create | Villager (Male) |
| 4:55 | Create | Villager (Male) |
| 4:55 | Create | Villager (Male) |
| 4:55 | Create | Villager (Male) |
| 4:56 | Create | Villager (Male) |
| 5:24 | Create | Villager (Male) |
| 5:24 | Create | Villager (Male) |
| 5:33 | Build | Mill |
| 6:01 | Create | Villager (Male) |
| 6:01 | Create | Villager (Male) |
| 7:15 | Build | Mill |
| 7:21 | Create | Villager (Male) |
| 7:21 | Create | Villager (Male) |
| 7:22 | Create | Villager (Male) |
| 7:38 | Build | Mining Camp |
| 8:34 | Build | House |
| 8:34 | Build | House |
| 8:39 | Create | Villager (Male) |
| 9:08 | Create | Villager (Male) |
| 9:31 | Create | Villager (Male) |
| 9:44 | Build | Mining Camp |
| 9:55 | Build | House |
| 9:58 | Research | Feudal Age |
| 9:59 | Research | Feudal Age |
| 10:20 | Build | House |
| 10:20 | Build | House |
| 11:37 | Build | House |
| 11:53 | Create | Villager (Male) |
| 12:01 | Create | Villager (Male) |
| 12:12 | Age | Feudal Age |
| 12:19 | Build | Market |
| 12:29 | Build | Blacksmith |
| 12:44 | Create | Villager (Male) |
| 12:53 | Research | Horse Collar |
| 13:44 | Research | Castle Age |
| 13:44 | Research | Castle Age |
| 15:30 | Build | Farm |
| 15:32 | Build | Farm |
| 15:33 | Build | Farm |
| 15:34 | Build | Farm |
| 15:35 | Build | Farm |
| 15:36 | Build | Farm |
| 16:24 | Age | Castle Age |
| 16:40 | Build | Castle |
| 16:51 | Build | Gate |
| 16:57 | Build | Gate |
| 17:15 | Research | Wheelbarrow |
| 17:55 | Create | Villager (Male) |
| 17:55 | Create | Villager (Male) |
| 18:32 | Build | Mining Camp |
| 18:35 | Create | Mangudai ×5 |
| 18:35 | Create | Mangudai ×5 |
| 18:57 | Research | Double-Bit Axe |
| 19:03 | Create | Villager (Male) |
| 19:03 | Create | Villager (Male) |
| 19:25 | Create | Mangudai |
| 19:25 | Create | Mangudai |
| 19:34 | Create | Villager (Male) |
| 19:35 | Create | Villager (Male) |
| 20:02 | Build | Siege Workshop |
| 20:11 | Create | Villager (Male) |
| 20:11 | Create | Villager (Male) |
| 20:11 | Create | Villager (Male) |
| 20:19 | Create | Villager (Male) |
| 20:20 | Create | Villager (Male) |
| 21:03 | Create | Battering Ram |
| 21:03 | Create | Battering Ram |
| 21:38 | Create | Battering Ram |
| 21:40 | Create | Villager (Male) |
| 21:41 | Create | Villager (Male) |
| 21:41 | Create | Villager (Male) |
| 21:41 | Create | Villager (Male) |
| 22:02 | Build | Farm |
| 22:04 | Build | Farm |
| 22:06 | Create | Villager (Male) |
| 22:06 | Create | Villager (Male) |
| 22:07 | Create | Villager (Male) |
| 22:30 | Build | Castle |
| 22:41 | Create | Mangudai |
| 22:41 | Create | Mangudai |
| 22:41 | Create | Mangudai |
| 22:51 | Build | Farm |
| 22:52 | Build | Farm |
| 22:55 | Research | Padded Archer Armor |
| 23:39 | Research | Fletching |
| 23:59 | Create | Mangudai |
| 23:59 | Create | Mangudai |
| 24:22 | Build | Mining Camp |
| 24:37 | Create | Mangudai |
| 24:37 | Create | Mangudai |
| 25:58 | Create | Mangudai ×3 |
| 25:58 | Create | Mangudai ×3 |
| 26:20 | Create | Battering Ram |
| 26:21 | Create | Battering Ram |
| 26:21 | Create | Battering Ram |
| 26:32 | Create | Villager (Male) |
| 26:32 | Create | Villager (Male) |
| 26:32 | Create | Villager (Male) |
| 26:33 | Create | Villager (Male) |
| 26:33 | Create | Villager (Male) |
| 26:33 | Create | Villager (Male) |
| 26:34 | Create | Villager (Male) |
| 26:34 | Create | Villager (Male) |
| 26:34 | Create | Villager (Male) |
| 26:59 | Research | Leather Archer Armor |
| 27:00 | Research | Bodkin Arrow |
| 27:06 | Build | Castle |
| 27:14 | Build | University |
| 27:30 | Create | Battering Ram |
| 27:31 | Create | Battering Ram |
| 27:48 | Create | Villager (Male) |
| 27:48 | Create | Villager (Male) |
| 27:48 | Create | Villager (Male) |
| 27:49 | Create | Villager (Male) |
| 28:44 | Build | Farm |
| 28:45 | Build | Farm |
| 28:50 | Research | Fortified Wall (upgrade) |
| 28:50 | Research | Fortified Wall (upgrade) |
| 28:54 | Research | Scale Barding Armor |
| 28:54 | Research | Scale Barding Armor |
| 29:12 | Create | Battering Ram |
| 29:28 | Create | Villager (Male) |
| 29:29 | Create | Villager (Male) |
| 29:29 | Create | Villager (Male) |
| 31:43 | Build | Barracks |
| 31:44 | Build | Barracks |
| 32:32 | Build | Archery Range |
| 32:33 | Build | Archery Range |
| 32:34 | Build | Archery Range |
| 32:34 | Build | Archery Range |
Build order — Machete
First 150 of 163 actions detected
| 0:02 | Build | House |
| 0:03 | Create | Villager (Male) |
| 0:04 | Create | Villager (Male) |
| 0:04 | Create | Villager (Male) |
| 0:04 | Create | Villager (Male) |
| 0:04 | Create | Villager (Male) |
| 0:07 | Build | House |
| 1:26 | Create | Villager (Male) |
| 1:26 | Create | Villager (Male) |
| 2:11 | Create | Villager (Male) |
| 2:12 | Create | Villager (Male) |
| 2:23 | Build | Lumber Camp |
| 2:27 | Create | Villager (Male) |
| 2:28 | Create | Villager (Male) |
| 3:02 | Create | Villager (Male) |
| 3:02 | Create | Villager (Male) |
| 3:09 | Build | House |
| 3:11 | Build | House |
| 3:18 | Create | Villager (Male) |
| 3:18 | Create | Villager (Male) |
| 3:18 | Create | Villager (Male) |
| 3:51 | Create | Villager (Male) |
| 3:51 | Create | Villager (Male) |
| 3:52 | Create | Villager (Male) |
| 4:32 | Create | Villager (Male) |
| 4:33 | Create | Villager (Male) |
| 5:12 | Create | Villager (Male) |
| 5:12 | Create | Villager (Male) |
| 5:40 | Create | Villager (Male) |
| 5:40 | Create | Villager (Male) |
| 6:10 | Create | Villager (Male) |
| 6:10 | Create | Villager (Male) |
| 6:10 | Create | Villager (Male) |
| 6:10 | Create | Villager (Male) |
| 6:56 | Build | Mill |
| 8:03 | Create | Villager (Male) |
| 8:24 | Research | Feudal Age |
| 8:41 | Build | Mining Camp |
| 9:15 | Build | House |
| 9:17 | Build | House |
| 10:23 | Create | Villager (Male) |
| 10:24 | Create | Villager (Male) |
| 10:38 | Age | Feudal Age |
| 10:45 | Build | Market |
| 11:16 | Create | Villager (Male) |
| 11:16 | Create | Villager (Male) |
| 11:33 | Build | Blacksmith |
| 12:11 | Create | Villager (Male) |
| 12:54 | Research | Castle Age |
| 13:18 | Build | Mining Camp |
| 13:36 | Build | House |
| 13:40 | Build | House |
| 13:48 | Build | House |
| 14:02 | Research | Double-Bit Axe |
| 14:10 | Research | Horse Collar |
| 15:00 | Build | Stable |
| 15:23 | Create | Villager (Male) |
| 15:24 | Create | Villager (Male) |
| 15:24 | Create | Villager (Male) |
| 15:26 | Research | Loom |
| 15:34 | Age | Castle Age |
| 15:44 | Build | Farm |
| 15:45 | Build | Farm |
| 15:45 | Build | Farm |
| 15:45 | Build | Farm |
| 15:45 | Build | Farm |
| 15:50 | Build | Farm |
| 15:51 | Build | Farm |
| 16:17 | Build | Farm |
| 16:17 | Build | Farm |
| 16:17 | Build | Farm |
| 16:22 | Build | Farm |
| 16:53 | Create | Villager (Male) |
| 16:53 | Create | Villager (Male) |
| 17:22 | Create | Villager (Male) |
| 17:23 | Create | Villager (Male) |
| 17:33 | Create | Knight |
| 17:33 | Create | Knight |
| 17:49 | Build | Farm |
| 17:50 | Build | Farm |
| 17:50 | Build | Farm |
| 17:50 | Build | Farm |
| 17:52 | Build | Farm |
| 18:09 | Create | Villager (Male) |
| 18:10 | Create | Villager (Male) |
| 18:51 | Build | Stone Wall |
| 19:04 | Build | Stone Wall |
| 19:13 | Build | Stone Wall |
| 19:22 | Build | Gate |
| 19:30 | Create | Villager (Male) |
| 19:30 | Create | Villager (Male) |
| 19:30 | Create | Villager (Male) |
| 19:31 | Create | Villager (Male) |
| 19:42 | Build | Town Center |
| 20:29 | Create | Villager (Male) |
| 20:30 | Create | Villager (Male) |
| 20:39 | Create | Villager (Male) |
| 20:39 | Create | Villager (Male) |
| 21:02 | Create | Villager (Male) |
| 21:03 | Create | Villager (Male) |
| 21:03 | Create | Villager (Male) |
| 21:03 | Create | Villager (Male) |
| 21:22 | Build | House |
| 21:22 | Build | House |
| 21:23 | Build | House |
| 21:23 | Build | House |
| 21:24 | Build | House |
| 21:32 | Create | Villager (Male) |
| 21:32 | Create | Villager (Male) |
| 21:33 | Create | Villager (Male) |
| 22:03 | Build | Stable |
| 22:09 | Build | Stable |
| 22:09 | Build | Stable |
| 22:10 | Build | Stable |
| 22:10 | Build | Stable |
| 22:11 | Build | Stable |
| 22:38 | Build | Archery Range |
| 23:04 | Create | Scout Cavalry |
| 23:04 | Create | Scout Cavalry |
| 23:04 | Create | Scout Cavalry |
| 23:09 | Create | Knight |
| 23:09 | Create | Knight |
| 23:13 | Research | Crossbowman (upgrade) |
| 23:13 | Create | Archer |
| 23:14 | Create | Archer |
| 23:15 | Create | Cavalry Archer |
| 23:38 | Build | House |
| 23:42 | Build | House |
| 23:44 | Build | House |
| 24:16 | Research | Husbandry |
| 24:17 | Create | Battle Elephant |
| 24:17 | Create | Battle Elephant |
| 24:17 | Create | Battle Elephant |
| 24:45 | Create | Villager (Male) |
| 24:45 | Create | Villager (Male) |
| 24:46 | Create | Villager (Male) |
| 24:46 | Create | Villager (Male) |
| 26:03 | Create | Scout Cavalry |
| 26:03 | Create | Scout Cavalry |
| 26:03 | Create | Scout Cavalry |
| 28:00 | Create | Villager (Male) |
| 28:00 | Create | Villager (Male) |
| 28:00 | Create | Villager (Male) |
| 29:20 | Create | Villager (Male) |
| 29:20 | Create | Villager (Male) |
| 29:20 | Create | Villager (Male) |
| 29:24 | Build | House |
| 29:25 | Build | House |
| 29:25 | Build | House |
| 29:26 | Build | House |
Build order — TheJonkler
First 150 of 270 actions detected
| 0:02 | Create | Villager (Male) |
| 0:02 | Create | Villager (Male) |
| 0:03 | Create | Villager (Male) |
| 0:03 | Create | Villager (Male) |
| 0:28 | Build | House |
| 0:33 | Build | House |
| 1:47 | Build | House |
| 1:48 | Build | House |
| 1:49 | Build | House |
| 1:52 | Build | House |
| 1:53 | Build | House |
| 1:54 | Build | House |
| 2:32 | Create | Villager (Male) |
| 3:11 | Create | Villager (Male) |
| 3:19 | Create | Villager (Male) |
| 3:20 | Create | Villager (Male) |
| 3:28 | Create | Villager (Male) |
| 3:29 | Create | Villager (Male) |
| 4:08 | Create | Villager (Male) |
| 4:57 | Create | Villager (Male) |
| 4:57 | Create | Villager (Male) |
| 4:57 | Create | Villager (Male) |
| 4:58 | Create | Villager (Male) |
| 5:18 | Create | Villager (Male) |
| 5:18 | Create | Villager (Male) |
| 5:19 | Create | Villager (Male) |
| 5:42 | Create | Villager (Male) |
| 5:42 | Create | Villager (Male) |
| 6:35 | Create | Villager (Male) |
| 6:35 | Create | Villager (Male) |
| 6:35 | Create | Villager (Male) |
| 8:20 | Create | Villager (Male) |
| 8:20 | Create | Villager (Male) |
| 8:21 | Create | Villager (Male) |
| 8:24 | Create | Villager (Male) |
| 8:24 | Create | Villager (Male) |
| 8:24 | Create | Villager (Male) |
| 8:25 | Create | Villager (Male) |
| 8:25 | Create | Villager (Male) |
| 8:30 | Build | Settlement |
| 9:56 | Build | Settlement |
| 11:04 | Create | Villager (Male) |
| 11:04 | Create | Villager (Male) |
| 11:10 | Build | Settlement |
| 11:57 | Create | Villager (Male) |
| 12:02 | Research | Feudal Age |
| 12:49 | Create | Villager (Male) |
| 12:50 | Create | Villager (Male) |
| 12:50 | Create | Villager (Male) |
| 12:50 | Create | Villager (Male) |
| 13:15 | Build | Farm |
| 14:19 | Build | Farm |
| 14:25 | Build | Farm |
| 14:28 | Build | Farm |
| 14:39 | Build | Farm |
| 14:40 | Age | Feudal Age |
| 14:42 | Build | Farm |
| 14:48 | Build | Farm |
| 15:04 | Build | Farm |
| 15:13 | Build | Settlement |
| 15:21 | Research | Double-Bit Axe |
| 15:21 | Research | Horse Collar |
| 15:22 | Research | Gold Mining |
| 15:23 | Research | Stone Mining |
| 15:30 | Create | Villager (Male) |
| 16:04 | Create | Villager (Male) |
| 16:04 | Create | Villager (Male) |
| 16:04 | Create | Villager (Male) |
| 16:05 | Create | Villager (Male) |
| 16:06 | Create | Villager (Male) |
| 16:12 | Build | Settlement |
| 16:19 | Build | Settlement |
| 16:52 | Create | Spearman ×5 |
| 16:52 | Create | Skirmisher ×5 |
| 17:00 | Build | Farm |
| 17:09 | Build | Farm |
| 17:13 | Build | Farm |
| 17:19 | Build | Settlement |
| 17:21 | Build | Farm |
| 17:26 | Build | Farm |
| 17:28 | Build | Farm |
| 17:33 | Build | Farm |
| 17:41 | Create | Villager (Male) |
| 17:41 | Create | Villager (Male) |
| 17:41 | Create | Villager (Male) |
| 17:59 | Build | Settlement |
| 18:02 | Build | Farm |
| 18:46 | Build | Settlement |
| 18:55 | Research | Wheelbarrow |
| 18:58 | Create | Spearman ×3 |
| 19:32 | Create | Villager (Male) |
| 19:34 | Research | Wheelbarrow |
| 19:47 | Build | Blacksmith |
| 20:05 | Build | Barracks |
| 20:51 | Build | House |
| 21:26 | Build | Archery Range |
| 21:42 | Build | Archery Range |
| 21:53 | Create | Villager (Male) |
| 22:14 | Research | Castle Age |
| 22:46 | Build | Farm |
| 22:54 | Build | Barracks |
| 22:57 | Build | Archery Range |
| 22:59 | Build | Barracks |
| 23:36 | Build | Farm |
| 23:37 | Build | Farm |
| 23:40 | Build | Settlement |
| 23:52 | Research | Arson |
| 23:55 | Research | Fletching |
| 24:40 | Create | Villager (Male) |
| 24:40 | Create | Villager (Male) |
| 24:58 | Age | Castle Age |
| 25:01 | Build | Town Center |
| 25:16 | Build | University |
| 25:31 | Create | Villager (Male) |
| 25:40 | Research | Bow Saw |
| 25:51 | Build | House |
| 25:55 | Research | Scale Mail Armor |
| 26:09 | Research | Heavy Plow |
| 26:10 | Research | Pikeman (upgrade) |
| 26:13 | Create | Villager (Male) |
| 26:13 | Create | Villager (Male) |
| 26:38 | Research | Gold Shaft Mining |
| 26:39 | Research | Stone Shaft Mining |
| 26:41 | Build | Farm |
| 26:44 | Create | Villager (Male) |
| 26:44 | Create | Villager (Male) |
| 26:49 | Create | Villager (Male) |
| 26:49 | Create | Villager (Male) |
| 27:11 | Create | Villager (Male) |
| 27:15 | Build | Farm |
| 27:18 | Create | Villager (Male) |
| 27:18 | Create | Villager (Male) |
| 27:29 | Create | Villager (Male) |
| 27:30 | Create | Villager (Male) |
| 27:37 | Build | House |
| 27:51 | Build | Siege Workshop |
| 28:26 | Create | Villager (Male) |
| 28:26 | Create | Villager (Male) |
| 28:33 | Build | Monastery |
| 28:45 | Build | Castle |
| 28:54 | Create | Villager (Male) |
| 28:54 | Create | Villager (Male) |
| 29:01 | Build | Farm |
| 29:06 | Research | Elite Skirmisher (upgrade) |
| 29:07 | Create | Spearman ×5 |
| 29:07 | Create | Skirmisher ×2 |
| 29:18 | Create | Villager (Male) |
| 29:18 | Create | Villager (Male) |
| 29:18 | Create | Villager (Male) |
| 29:20 | Create | Villager (Male) |
Build order — Mr Unknown
First 150 of 279 actions detected
| 0:01 | Create | Villager (Male) ×4 |
| 0:02 | Create | Villager (Male) ×4 |
| 0:03 | Build | House |
| 0:05 | Build | House |
| 1:32 | Create | Villager (Male) |
| 1:33 | Create | Villager (Male) |
| 2:09 | Create | Villager (Male) |
| 2:09 | Create | Villager (Male) |
| 2:30 | Create | Villager (Male) |
| 2:30 | Create | Villager (Male) |
| 3:02 | Create | Villager (Male) ×2 |
| 3:02 | Create | Villager (Male) ×2 |
| 3:04 | Build | Lumber Camp |
| 3:48 | Create | Villager (Male) ×2 |
| 3:48 | Create | Villager (Male) ×2 |
| 3:58 | Build | House |
| 4:00 | Build | House |
| 4:09 | Build | House |
| 5:13 | Create | Villager (Male) |
| 5:13 | Create | Villager (Male) |
| 5:14 | Create | Villager (Male) |
| 5:14 | Create | Villager (Male) |
| 5:14 | Create | Villager (Male) |
| 5:15 | Create | Villager (Male) |
| 5:54 | Create | Villager (Male) |
| 5:54 | Create | Villager (Male) |
| 6:03 | Build | Mill |
| 6:21 | Create | Villager (Male) ×5 |
| 6:22 | Create | Villager (Male) ×5 |
| 7:44 | Build | Mill |
| 8:36 | Research | Feudal Age |
| 9:05 | Build | Mining Camp |
| 10:19 | Build | House |
| 10:49 | Create | Villager (Male) |
| 10:50 | Create | Villager (Male) |
| 10:52 | Build | Farm |
| 10:53 | Build | Farm |
| 10:54 | Build | Farm |
| 11:08 | Age | Feudal Age |
| 11:12 | Build | Market |
| 11:32 | Build | Blacksmith |
| 11:38 | Create | Villager (Male) |
| 12:33 | Research | Castle Age |
| 12:34 | Research | Castle Age |
| 13:38 | Build | Farm |
| 13:39 | Build | Farm |
| 13:39 | Build | Farm |
| 13:47 | Build | Farm |
| 14:59 | Create | Villager (Male) ×5 |
| 15:00 | Create | Villager (Male) |
| 15:13 | Age | Castle Age |
| 15:18 | Build | Town Center |
| 15:35 | Build | Town Center |
| 16:36 | Create | Villager (Male) ×5 |
| 16:45 | Research | Horse Collar |
| 16:55 | Research | Double-Bit Axe |
| 16:57 | Create | Villager (Male) ×2 |
| 17:36 | Create | Villager (Male) |
| 17:37 | Create | Villager (Male) |
| 18:02 | Create | Villager (Male) |
| 18:12 | Build | House |
| 18:12 | Build | House |
| 18:13 | Build | House |
| 18:13 | Build | House |
| 18:13 | Build | House |
| 18:14 | Build | House |
| 18:14 | Build | House |
| 18:14 | Build | House |
| 18:15 | Build | House |
| 18:24 | Build | House |
| 18:24 | Build | House |
| 18:25 | Build | House |
| 18:25 | Build | House |
| 18:25 | Build | House |
| 18:27 | Create | Villager (Male) |
| 18:27 | Create | Villager (Male) |
| 18:35 | Build | Farm |
| 18:45 | Create | Villager (Male) |
| 18:55 | Build | House |
| 18:56 | Build | House |
| 18:58 | Build | House |
| 18:58 | Build | House |
| 19:03 | Build | House |
| 19:05 | Build | House |
| 19:07 | Build | House |
| 19:08 | Build | House |
| 19:12 | Create | Villager (Male) |
| 19:13 | Create | Villager (Male) |
| 19:19 | Build | Farm |
| 19:27 | Create | Villager (Male) |
| 19:28 | Create | Villager (Male) |
| 19:33 | Create | Villager (Male) ×2 |
| 19:33 | Create | Villager (Male) ×2 |
| 19:36 | Create | Villager (Male) |
| 19:45 | Build | Farm |
| 19:52 | Build | Farm |
| 19:53 | Build | Farm |
| 19:54 | Build | Farm |
| 19:59 | Create | Villager (Male) |
| 19:59 | Create | Villager (Male) |
| 20:07 | Build | Farm |
| 20:07 | Build | Farm |
| 20:07 | Build | Farm |
| 20:08 | Build | Farm |
| 20:08 | Build | Farm |
| 20:10 | Build | Farm |
| 20:16 | Build | Farm |
| 20:17 | Build | Farm |
| 20:17 | Build | Farm |
| 20:18 | Build | Farm |
| 20:20 | Create | Villager (Male) |
| 20:27 | Create | Villager (Male) ×2 |
| 20:39 | Build | Mining Camp |
| 20:44 | Create | Villager (Male) ×2 |
| 21:01 | Create | Villager (Male) |
| 21:02 | Create | Villager (Male) |
| 21:05 | Create | Villager (Male) |
| 21:18 | Create | Villager (Male) |
| 21:30 | Build | Farm |
| 21:31 | Build | Farm |
| 21:31 | Build | Farm |
| 21:31 | Build | Farm |
| 21:33 | Build | Farm |
| 22:26 | Create | Villager (Male) ×5 |
| 22:27 | Create | Villager (Male) ×5 |
| 22:40 | Build | Barracks |
| 22:41 | Build | Barracks |
| 22:43 | Build | Barracks |
| 22:44 | Build | Barracks |
| 22:46 | Build | Barracks |
| 23:01 | Research | Stone Mining |
| 23:02 | Create | Villager (Male) ×4 |
| 23:18 | Research | Gold Mining |
| 23:20 | Create | Villager (Male) ×2 |
| 23:47 | Research | Bow Saw |
| 23:52 | Research | Heavy Plow |
| 24:03 | Build | Farm |
| 24:03 | Build | Farm |
| 24:04 | Build | Farm |
| 24:12 | Build | Farm |
| 24:12 | Build | Farm |
| 24:13 | Build | Farm |
| 24:13 | Build | Farm |
| 24:15 | Build | Farm |
| 25:38 | Research | Loom |
| 25:40 | Research | Wheelbarrow |
| 26:11 | Build | Castle |
| 26:15 | Create | Villager (Male) ×5 |
| 26:25 | Research | Squires |
| 26:49 | Build | Mining Camp |
Build order — Von Bicyclestein
First 150 of 158 actions detected
| 0:07 | Build | House |
| 0:10 | Build | House |
| 0:14 | Build | House |
| 0:17 | Create | Villager (Male) |
| 0:17 | Create | Villager (Male) |
| 0:17 | Create | Villager (Male) |
| 0:17 | Create | Villager (Male) |
| 0:17 | Create | Villager (Male) |
| 1:47 | Create | Villager (Male) |
| 2:20 | Create | Villager (Male) |
| 2:41 | Create | Villager (Male) |
| 3:06 | Build | Lumber Camp |
| 3:16 | Create | Villager (Male) |
| 3:18 | Create | Villager (Male) |
| 3:43 | Create | Villager (Male) |
| 3:54 | Create | Villager (Male) |
| 4:24 | Create | Villager (Male) |
| 4:43 | Build | House |
| 4:51 | Create | Villager (Male) |
| 5:02 | Create | Villager (Male) |
| 5:05 | Create | Villager (Male) |
| 5:38 | Create | Villager (Male) |
| 5:58 | Create | Villager (Male) |
| 6:10 | Build | Mill |
| 7:12 | Build | House |
| 7:17 | Build | House |
| 7:19 | Build | House |
| 7:21 | Build | House |
| 7:22 | Build | House |
| 7:26 | Build | House |
| 7:49 | Create | Villager (Male) |
| 7:49 | Create | Villager (Male) |
| 7:50 | Create | Villager (Male) |
| 7:50 | Create | Villager (Male) |
| 7:50 | Create | Villager (Male) |
| 7:51 | Create | Villager (Male) |
| 7:51 | Create | Villager (Male) |
| 7:51 | Create | Villager (Male) |
| 8:32 | Build | Mining Camp |
| 8:55 | Create | Villager (Male) |
| 9:54 | Build | Mill |
| 10:15 | Build | House |
| 10:16 | Build | House |
| 10:33 | Research | Feudal Age |
| 11:14 | Research | Loom |
| 11:34 | Build | Farm |
| 11:51 | Build | Farm |
| 12:54 | Age | Feudal Age |
| 13:00 | Build | Market |
| 13:07 | Build | Blacksmith |
| 13:29 | Build | Mining Camp |
| 14:13 | Research | Castle Age |
| 14:44 | Research | Horse Collar |
| 15:15 | Research | Double-Bit Axe |
| 15:39 | Build | Farm |
| 15:41 | Build | Farm |
| 15:43 | Build | Farm |
| 16:06 | Create | Villager (Male) |
| 16:09 | Create | Villager (Male) |
| 16:28 | Build | Farm |
| 16:39 | Build | Farm |
| 16:46 | Build | Farm |
| 16:53 | Create | Villager (Male) |
| 16:53 | Age | Castle Age |
| 17:26 | Create | Villager (Male) |
| 17:54 | Build | Town Center |
| 18:10 | Create | Villager (Male) |
| 18:32 | Research | Heavy Plow |
| 18:51 | Create | Villager (Male) |
| 19:19 | Create | Villager (Male) |
| 19:31 | Create | Villager (Male) |
| 19:45 | Build | Farm |
| 19:46 | Build | Farm |
| 19:48 | Build | Farm |
| 19:49 | Build | Farm |
| 19:50 | Build | Farm |
| 19:56 | Create | Villager (Male) |
| 20:01 | Create | Villager (Male) |
| 20:16 | Build | Farm |
| 20:19 | Build | Farm |
| 20:31 | Build | Farm |
| 20:35 | Create | Villager (Male) |
| 20:38 | Create | Villager (Male) |
| 20:55 | Create | Villager (Male) |
| 21:07 | Create | Villager (Male) |
| 21:18 | Build | Farm |
| 21:19 | Build | Farm |
| 21:21 | Build | Farm |
| 21:23 | Build | Farm |
| 21:28 | Build | Farm |
| 21:37 | Create | Villager (Male) |
| 21:38 | Create | Villager (Male) |
| 21:39 | Create | Villager (Male) |
| 21:43 | Create | Villager (Male) |
| 22:00 | Build | Castle |
| 22:19 | Create | Villager (Male) |
| 22:20 | Create | Villager (Male) |
| 22:25 | Research | Bow Saw |
| 22:58 | Build | House |
| 23:05 | Create | Villager (Male) |
| 23:06 | Create | Villager (Male) |
| 23:08 | Create | Villager (Male) |
| 23:09 | Create | Villager (Male) |
| 23:18 | Research | Gold Mining |
| 23:25 | Research | Stone Mining |
| 23:40 | Create | Villager (Male) |
| 23:41 | Create | Villager (Male) |
| 23:44 | Create | Villager (Male) |
| 23:45 | Create | Villager (Male) |
| 24:09 | Build | Mining Camp |
| 24:18 | Create | Villager (Male) |
| 24:19 | Create | Villager (Male) |
| 24:20 | Create | Villager (Male) |
| 24:21 | Create | Villager (Male) |
| 24:33 | Build | Farm |
| 24:34 | Build | Farm |
| 24:35 | Build | Farm |
| 24:37 | Build | Farm |
| 24:38 | Build | Farm |
| 24:40 | Build | Farm |
| 24:42 | Build | Farm |
| 24:50 | Research | Wheelbarrow |
| 24:53 | Create | Villager (Male) |
| 25:14 | Build | University |
| 25:52 | Build | Lumber Camp |
| 25:57 | Create | Villager (Male) |
| 25:58 | Create | Villager (Male) |
| 25:59 | Create | Villager (Male) |
| 25:59 | Create | Villager (Male) |
| 26:00 | Create | Villager (Male) |
| 26:01 | Create | Villager (Male) |
| 26:01 | Create | Villager (Male) |
| 26:02 | Create | Villager (Male) |
| 26:03 | Create | Villager (Male) |
| 26:03 | Create | Villager (Male) |
| 26:13 | Create | Janissary |
| 26:13 | Create | Janissary |
| 26:13 | Create | Janissary |
| 26:28 | Create | Janissary |
| 26:29 | Create | Janissary |
| 26:39 | Research | Ballistics |
| 26:46 | Build | House |
| 26:47 | Build | House |
| 26:50 | Build | House |
| 27:00 | Create | Janissary |
| 27:01 | Create | Janissary |
| 27:15 | Research | Gold Shaft Mining |
| 27:26 | Create | Villager (Male) |
| 27:27 | Create | Villager (Male) |
| 27:45 | Create | Janissary |
Build order — GEDIAN
First 150 of 333 actions detected
| 0:03 | Research | Loom |
| 0:04 | Create | Villager (Male) |
| 0:04 | Create | Villager (Male) |
| 0:04 | Create | Villager (Male) |
| 0:04 | Create | Villager (Male) |
| 0:07 | Build | House |
| 0:09 | Build | House |
| 1:49 | Create | Villager (Male) |
| 2:37 | Create | Villager (Male) |
| 2:57 | Create | Villager (Male) |
| 3:16 | Create | Villager (Male) |
| 3:32 | Create | Villager (Male) |
| 4:03 | Build | Mill |
| 4:05 | Create | Villager (Male) |
| 4:27 | Build | House |
| 4:28 | Build | House |
| 4:51 | Create | Villager (Male) |
| 5:03 | Create | Villager (Male) |
| 5:34 | Create | Villager (Male) |
| 5:42 | Build | House |
| 5:49 | Create | Villager (Male) |
| 6:07 | Create | Villager (Male) |
| 6:13 | Build | House |
| 6:23 | Create | Villager (Male) |
| 6:27 | Build | Lumber Camp |
| 6:39 | Create | Villager (Male) |
| 6:44 | Build | House |
| 6:48 | Create | Villager (Male) |
| 7:23 | Build | Mining Camp |
| 7:26 | Create | Villager (Male) |
| 7:59 | Create | Villager (Male) |
| 8:18 | Create | Villager (Male) |
| 8:26 | Build | Lumber Camp |
| 8:44 | Create | Villager (Male) |
| 8:56 | Create | Villager (Male) |
| 9:09 | Build | House |
| 9:10 | Build | House |
| 9:35 | Build | Farm |
| 9:36 | Build | Farm |
| 9:38 | Create | Villager (Male) |
| 10:15 | Create | Villager (Male) |
| 10:19 | Build | Farm |
| 10:20 | Build | Farm |
| 11:10 | Create | Villager (Male) |
| 11:15 | Build | Farm |
| 11:42 | Research | Feudal Age |
| 11:42 | Research | Feudal Age |
| 11:42 | Research | Feudal Age |
| 12:20 | Create | Villager (Male) |
| 13:52 | Create | Villager (Male) |
| 13:52 | Age | Feudal Age |
| 14:07 | Create | Villager (Male) |
| 14:10 | Research | Horse Collar |
| 14:28 | Create | Villager (Male) |
| 14:32 | Build | Market |
| 14:35 | Build | Blacksmith |
| 14:39 | Create | Villager (Male) |
| 14:48 | Build | Barracks |
| 14:56 | Create | Villager (Male) |
| 15:27 | Create | Villager (Male) |
| 15:35 | Create | Spearman |
| 15:53 | Create | Villager (Male) |
| 16:07 | Create | Villager (Male) |
| 16:30 | Build | Farm |
| 16:31 | Build | Farm |
| 16:32 | Build | Farm |
| 16:35 | Create | Villager (Male) |
| 16:49 | Build | House |
| 16:50 | Build | House |
| 16:52 | Build | House |
| 17:40 | Create | Villager (Male) |
| 17:45 | Research | Scale Barding Armor |
| 17:47 | Create | Villager (Male) |
| 17:51 | Build | Farm |
| 17:52 | Build | Farm |
| 17:53 | Build | Farm |
| 17:58 | Build | Farm |
| 18:01 | Create | Villager (Male) |
| 18:27 | Build | Mining Camp |
| 18:43 | Create | Spearman |
| 19:03 | Build | House |
| 19:14 | Build | Stone Wall |
| 19:18 | Create | Villager (Male) |
| 19:23 | Build | Farm |
| 19:31 | Create | Spearman |
| 19:38 | Build | House |
| 19:43 | Create | Villager (Male) |
| 19:49 | Build | Farm |
| 20:11 | Build | House |
| 20:15 | Create | Spearman |
| 20:24 | Research | Castle Age |
| 20:27 | Build | Farm |
| 20:53 | Build | House |
| 21:07 | Create | Trade Cart |
| 21:27 | Build | House |
| 21:27 | Build | House |
| 21:31 | Research | Man-at-Arms (upgrade) |
| 21:42 | Build | Stone Wall |
| 22:18 | Research | Forging |
| 22:24 | Build | Stable |
| 22:28 | Create | Militia |
| 23:00 | Create | Villager (Male) |
| 23:04 | Age | Castle Age |
| 23:12 | Build | Town Center |
| 23:16 | Create | Villager (Male) |
| 23:20 | Create | Knight |
| 23:28 | Build | Castle |
| 23:38 | Build | Stone Wall |
| 23:42 | Create | Villager (Male) |
| 23:51 | Create | Militia |
| 23:54 | Create | Knight |
| 24:10 | Create | Villager (Male) |
| 24:16 | Build | Farm |
| 24:25 | Create | Militia |
| 24:35 | Create | Villager (Male) |
| 24:40 | Build | Farm |
| 24:46 | Create | Knight |
| 24:49 | Create | Militia |
| 24:54 | Create | Villager (Male) |
| 24:58 | Build | Farm |
| 24:59 | Build | Farm |
| 25:01 | Build | Farm |
| 25:03 | Build | Farm |
| 25:06 | Build | Farm |
| 25:08 | Build | Farm |
| 25:11 | Build | Farm |
| 25:12 | Build | Farm |
| 25:16 | Create | Villager (Male) |
| 25:16 | Create | Villager (Male) |
| 25:20 | Create | Villager (Male) |
| 25:24 | Build | Farm |
| 25:37 | Create | Villager (Male) |
| 25:45 | Create | Trade Cart |
| 25:52 | Create | Villager (Male) |
| 25:55 | Create | Villager (Male) |
| 26:01 | Build | Farm |
| 26:08 | Create | Knight |
| 26:11 | Create | Militia |
| 26:21 | Create | Villager (Male) |
| 26:26 | Build | Monastery |
| 26:30 | Create | Villager (Male) |
| 26:32 | Create | Villager (Male) |
| 26:36 | Research | Scale Mail Armor |
| 27:04 | Create | Villager (Male) |
| 27:04 | Create | Villager (Male) |
| 27:07 | Create | Villager (Male) |
| 27:10 | Build | Farm |
| 27:13 | Create | Monk |
| 27:13 | Create | Monk |
| 27:23 | Build | Siege Workshop |
Build order — Lord00pk
First 150 of 305 actions detected
| 0:04 | Build | House |
| 0:07 | Create | Villager (Male) ×4 |
| 0:09 | Build | House |
| 1:44 | Create | Villager (Male) |
| 1:44 | Create | Villager (Male) |
| 1:57 | Build | Lumber Camp |
| 2:01 | Research | Loom |
| 2:09 | Create | Villager (Male) |
| 2:18 | Create | Villager (Male) |
| 3:03 | Create | Villager (Male) |
| 3:33 | Create | Villager (Male) |
| 3:33 | Create | Villager (Male) |
| 3:36 | Build | House |
| 3:57 | Create | Villager (Male) |
| 3:58 | Create | Villager (Male) |
| 4:43 | Create | Villager (Male) |
| 5:00 | Create | Villager (Male) |
| 5:19 | Create | Villager (Male) |
| 5:32 | Build | Mill |
| 5:46 | Build | House |
| 5:49 | Create | Villager (Male) |
| 6:14 | Create | Villager (Male) |
| 6:23 | Build | Mill |
| 6:56 | Create | Villager (Male) |
| 7:13 | Research | Feudal Age |
| 7:14 | Research | Feudal Age |
| 8:10 | Build | Mining Camp |
| 8:59 | Create | Villager (Male) |
| 8:59 | Create | Villager (Male) |
| 9:48 | Build | Blacksmith |
| 9:58 | Build | Blacksmith |
| 10:03 | Build | Market |
| 10:15 | Create | Villager (Male) |
| 10:30 | Build | House |
| 10:37 | Build | House |
| 10:45 | Build | Lumber Camp |
| 10:53 | Create | Villager (Male) |
| 11:07 | Build | House |
| 11:15 | Create | Villager (Male) |
| 11:29 | Build | Mining Camp |
| 11:45 | Build | House |
| 11:55 | Create | Villager (Male) |
| 12:08 | Build | House |
| 12:20 | Create | Villager (Male) |
| 12:28 | Build | Farm |
| 12:41 | Build | House |
| 12:44 | Create | Villager (Male) |
| 12:54 | Build | Farm |
| 13:00 | Build | Farm |
| 13:00 | Build | Farm |
| 13:14 | Build | Farm |
| 13:18 | Create | Villager (Male) |
| 13:21 | Build | House |
| 13:26 | Build | Barracks |
| 13:31 | Create | Villager (Male) |
| 13:57 | Build | Farm |
| 14:40 | Research | Castle Age |
| 14:41 | Research | Castle Age |
| 14:41 | Research | Castle Age |
| 14:45 | Build | House |
| 14:46 | Build | House |
| 14:51 | Research | Double-Bit Axe |
| 14:58 | Build | Farm |
| 15:38 | Research | Fletching |
| 15:45 | Build | Archery Range |
| 16:11 | Build | Farm |
| 16:13 | Build | Farm |
| 16:55 | Research | Horse Collar |
| 17:24 | Create | Villager (Male) |
| 17:24 | Create | Villager (Male) |
| 17:49 | Build | Town Center |
| 17:57 | Build | Town Center |
| 18:05 | Create | Villager (Male) |
| 18:05 | Create | Villager (Male) |
| 18:59 | Create | Villager (Male) ×5 |
| 19:15 | Research | Gold Mining |
| 19:23 | Research | Bodkin Arrow |
| 19:33 | Create | Villager (Male) |
| 19:40 | Build | Farm |
| 19:40 | Build | Farm |
| 19:50 | Create | Villager (Male) |
| 20:01 | Build | University |
| 20:04 | Create | Villager (Male) |
| 20:16 | Build | Farm |
| 20:17 | Build | Farm |
| 20:17 | Build | Farm |
| 20:17 | Build | Farm |
| 20:18 | Build | Farm |
| 20:18 | Build | Farm |
| 20:18 | Build | Farm |
| 20:18 | Build | Farm |
| 20:19 | Build | Farm |
| 20:19 | Build | Farm |
| 20:19 | Build | Farm |
| 20:19 | Build | Farm |
| 20:20 | Build | Farm |
| 20:20 | Build | Farm |
| 20:20 | Build | Farm |
| 20:20 | Build | Farm |
| 20:23 | Build | Farm |
| 20:23 | Build | Farm |
| 20:24 | Build | Farm |
| 20:24 | Build | Farm |
| 20:24 | Build | Farm |
| 20:24 | Build | Farm |
| 20:25 | Build | Farm |
| 20:25 | Build | Farm |
| 20:25 | Build | Farm |
| 20:26 | Build | Farm |
| 20:26 | Build | Farm |
| 20:26 | Build | Farm |
| 20:27 | Build | Farm |
| 20:27 | Build | Farm |
| 20:27 | Build | Farm |
| 20:27 | Build | Farm |
| 20:34 | Create | Villager (Male) |
| 20:41 | Create | Villager (Male) |
| 20:42 | Create | Villager (Male) |
| 20:42 | Create | Villager (Male) |
| 20:43 | Create | Villager (Male) |
| 21:02 | Create | Villager (Male) |
| 21:03 | Create | Villager (Male) |
| 21:13 | Create | Villager (Male) |
| 21:13 | Create | Villager (Male) |
| 21:26 | Create | Villager (Male) |
| 21:27 | Create | Villager (Male) |
| 21:27 | Create | Villager (Male) |
| 21:33 | Build | Farm |
| 21:33 | Build | Farm |
| 21:34 | Build | Farm |
| 21:34 | Build | Farm |
| 22:11 | Build | Castle |
| 22:14 | Create | Villager (Male) |
| 22:28 | Build | Farm |
| 22:28 | Build | Farm |
| 22:29 | Build | Farm |
| 22:29 | Build | Farm |
| 22:36 | Research | Padded Archer Armor |
| 22:46 | Create | Villager (Male) |
| 22:46 | Create | Villager (Male) |
| 22:46 | Create | Villager (Male) |
| 22:54 | Build | Farm |
| 22:55 | Create | Villager (Male) |
| 22:56 | Create | Villager (Male) |
| 22:56 | Create | Villager (Male) |
| 23:21 | Create | Villager (Male) ×3 |
| 23:21 | Create | Villager (Male) ×3 |
| 23:30 | Create | Villager (Male) |
| 23:30 | Create | Villager (Male) |
| 23:44 | Create | Villager (Male) ×2 |
Match timeline
| 10:38 | Machete · age_up feudal |
| 11:08 | Mr Unknown · age_up feudal |
| 12:12 | Malatyalı44 · age_up feudal |
| 12:27 | Machete · first_market_sell 100 wood |
| 12:29 | Machete · first_market_buy 100 food |
| 12:54 | Von Bicyclestein · age_up feudal |
| 13:26 | Lord00pk · first_building Barracks |
| 13:44 | Lord00pk · first_market_sell 100 wood |
| 13:46 | Lord00pk · first_market_buy 100 food |
| 13:52 | GEDIAN · age_up feudal |
| 14:40 | TheJonkler · age_up feudal |
| 14:40 | Mr Unknown · first_market_buy 100 wood |
| 14:48 | GEDIAN · first_building Barracks |
| 15:00 | Machete · first_building Stable |
| 15:13 | Mr Unknown · age_up castle |
| 15:29 | Mr Unknown · first_market_sell 100 food |
| 15:34 | Machete · age_up castle |
| 15:35 | Shooterkhan8047 · first_market_sell 100 wood |
| 15:37 | Shooterkhan8047 · first_market_buy 100 food |
| 15:45 | Lord00pk · first_building Archery Range |
| 16:24 | Malatyalı44 · age_up castle |
| 16:40 | Malatyalı44 · first_building Castle |
| 16:53 | Von Bicyclestein · age_up castle |
| 18:37 | Shooterkhan8047 · first_building Castle |
| 18:51 | Machete · wall_segment Stone Wall x12 |
| 19:04 | Machete · wall_segment Stone Wall x13 |
| 19:13 | Machete · wall_segment Stone Wall x7 |
| 19:14 | GEDIAN · wall_segment Stone Wall x15 |
| 20:02 | Malatyalı44 · first_building Siege Workshop |
| 20:05 | TheJonkler · first_building Barracks |
| 21:26 | TheJonkler · first_building Archery Range |
| 21:42 | GEDIAN · wall_segment Stone Wall x8 |
| 22:00 | Von Bicyclestein · first_building Castle |
| 22:11 | Lord00pk · first_building Castle |
| 22:24 | GEDIAN · first_building Stable |
| 22:38 | Machete · first_building Archery Range |
| 22:40 | Mr Unknown · first_building Barracks |
| 23:04 | GEDIAN · age_up castle |
| 23:28 | GEDIAN · first_building Castle |
| 23:38 | GEDIAN · wall_segment Stone Wall x8 |
| 24:58 | TheJonkler · age_up castle |
| 25:56 | Lord00pk · first_building Stable |
| 26:11 | Mr Unknown · first_building Castle |
| 26:26 | GEDIAN · first_building Monastery |
| 27:23 | GEDIAN · first_building Siege Workshop |
| 27:51 | TheJonkler · first_building Siege Workshop |
| 28:33 | TheJonkler · first_building Monastery |
| 28:45 | TheJonkler · first_building Castle |
| 29:45 | Von Bicyclestein · first_building Barracks |
| 31:43 | Malatyalı44 · first_building Barracks |
| 32:32 | Malatyalı44 · first_building Archery Range |
| 33:53 | Von Bicyclestein · tribute_sent a jugador 1 |
| 33:53 | Von Bicyclestein · tribute_sent a jugador 2 |
| 33:53 | Von Bicyclestein · tribute_sent a jugador 3 |
| 33:53 | Von Bicyclestein · tribute_sent a jugador 4 |
| 33:53 | Von Bicyclestein · tribute_sent a jugador 6 |
| 33:53 | Von Bicyclestein · tribute_sent a jugador 7 |
| 33:53 | Von Bicyclestein · tribute_sent a jugador 8 |
| 35:32 | Mr Unknown · age_up imperial |
| 35:52 | GEDIAN · age_up imperial |
| 36:17 | GEDIAN · first_building Archery Range |
| 36:32 | Shooterkhan8047 · first_building Barracks |
| 37:11 | Malatyalı44 · age_up imperial |
| 37:46 | Lord00pk · tribute_sent a jugador 1 |
| 37:46 | Lord00pk · tribute_sent a jugador 2 |
| 37:46 | Lord00pk · tribute_sent a jugador 3 |
| 37:46 | Lord00pk · tribute_sent a jugador 4 |
| 37:46 | Lord00pk · tribute_sent a jugador 5 |
| 37:46 | Lord00pk · tribute_sent a jugador 6 |
| 37:46 | Lord00pk · tribute_sent a jugador 7 |
| 38:16 | Machete · resign |
| 39:57 | Shooterkhan8047 · first_building Stable |
| 41:35 | TheJonkler · wall_segment Palisade Wall x4 |
| 42:23 | TheJonkler · age_up imperial |
[ AI ANALYSIS · 1 CREDIT ]
What really happened in this match?
Wolo.gg analyzes every decision: build order, eco, micro, common mistakes by bracket. Personalized analysis on WhatsApp or Discord in 30 seconds.
Civ guide
Saracens
Perfil
Jugador #9245714